 Dungeon Crawl Stone Soup version 0.30-a0-389-g8d7d949f56 (webtiles) character file.

Game seed: 8277357418057824141

24 spardeous the Ducker (level 2, -1/12 HPs)
             Began as a Felid Transmuter on Dec 4, 2022.
             Slain by an adder (4 damage)
             ... on level 2 of the Dungeon.
             The game lasted 00:02:56 (1290 turns).

spardeous the Ducker (Felid Transmuter)             Turns: 1290, Time: 00:02:57

Health: -1/12      AC:  1    Str:  6    XL:     2   Next: 79%
Magic:  6/6        EV: 18    Int: 14    God:
Gold:   80         SH:  0    Dex: 16    Spells: 4/5 levels left
                                        Lives:  0   Deaths: 0

rFire   . . .      SeeInvis +      - Unarmed
rCold   . . .      Faith    .    (shield unavailable)
rNeg    . . .      Spirit   .    (body armour unavailable)
rPois   .          Reflect  .    (helmet unavailable)
rElec   .          Harm     .    (cloak unavailable)
rCorr   .          Rampage  .    (gloves unavailable)
Will    .....                    (boots unavailable)
Stlth   +.........               (no amulet)
HPRegen 0.22/turn                (no ring)
MPRegen 0.10/turn                (no ring)

@: lethally poisoned (-1 -> -3), appendages (expiring), quick
A: horns 2, very small, claws 1, fangs 3, see invisible, speed 1, shaggy fur 1,
stealthy paws, no weapons or thrown items, no armour, multi-lived
a: End Transformation


You were on level 2 of the Dungeon.
You had temporarily grown beastly horns.
You visited 1 branch of the dungeon, and saw 2 of its levels.

You collected 80 gold pieces.

Inventory:

Jewellery
 d - a ring of resist corrosion
Scrolls
 b - 4 scrolls of identify {unknown}
 g - a scroll of butterflies {unknown}
Potions
 a - a potion of lignification
 c - a potion of magic {unknown}
 e - a potion of curing {unknown}
 f - a potion of berserk rage {unknown}
 h - a potion of haste {unknown}


   Skills:
 - Level 1.0 Fighting
 - Level 4.1 Dodging
 - Level 3.0 Unarmed Combat
 - Level 2.0 Spellcasting
 + Level 2.7 Transmutations


You had 4 spell levels left.
You knew the following spells:

 Your Spells              Type           Power      Damage    Failure   Level
a - Beastly Appendage     Tmut           18%        N/A       8%          1

Your spell library contained the following spells:

 Spells                   Type           Power      Damage    Failure   Level
 Wereblood                Tmut           9%         N/A       12%         2
 Passwall                 Tmut/Erth      4%         N/A       21%         2
 Sandblast                Erth           2%         2d4       24%         1
 Spider Form              Tmut/Pois      5%         N/A       38%         3
 Stone Arrow              Conj/Erth      2%         3d7       56%         3
 Ice Form                 Ice/Tmut       5%         N/A       80%         4


Dungeon Overview and Level Annotations

Branches:
Dungeon (2/15)

Altars:


Innate Abilities, Weirdness & Mutations

You have temporarily grown beastly horns.
You have sharp claws.
You have razor-sharp teeth.
You have supernaturally acute eyesight. (SInv)
You cover ground quickly. (Speed+)
You are covered in fur. (AC +1)
Your paws help you pounce on unaware monsters.
You are incapable of wielding weapons or throwing items.
You cannot wear armour.
You gain extra lives every three experience levels.


Message History

Found a stone staircase leading up.
There are monsters nearby!
Okay, then.
Okay, then.
There are monsters nearby!
There are monsters nearby!
The adder hisses angrily.
Casting: Beastly Appendage (safe; 8% risk of failure)
Confirm with . or Enter, or press ? or * to list all spells.
You grow a pair of large bovine horns.
The adder bites you.
You barely miss the adder. Your headbutt misses the adder.
The adder closely misses you.
An endoplasm comes into view.
You barely miss the adder. The adder closely misses you.
The endoplasm quivers.
You scratch the adder. You claw the adder, but do no damage.
The adder is lightly wounded.
The adder barely misses you.
You barely miss the adder. Your headbutt misses the adder.
Your bite misses the adder. The adder completely misses you.
The adder barely misses you.
You completely miss the adder. The adder bites you.
You scratch the adder. Your bite misses the adder.
The adder is moderately wounded.
Your transformation is almost over.
The adder bites you.
You are poisoned.
The adder poisons you!
You closely miss the adder. Your headbutt misses the adder. You bite the adder.
The adder is heavily wounded.
You feel sick. The adder barely misses you.
You closely miss the adder. Your headbutt misses the adder.
The adder is heavily wounded.
You feel sick. The adder misses you.
You completely miss the adder.
The adder is heavily wounded.
* * * LOW HITPOINT WARNING * * *
You feel sick. The adder barely misses you. The adder bites you.
You die...

# ############ ###S
#..........# .....
#..........#
......####..........######
.......JS@..........'.....
......####.[........######
..... #..........# ..<.
#..........# ...
#..........# ..
#..........# .
#..........# ############


You could see an adder and an endoplasm.

Vanquished Creatures
  A ball python (D:1)
  2 bats (D:1)
  4 endoplasms (D:1)
  4 goblins (D:1)
  2 hobgoblins
  2 quokkas (D:1)
  A frilled lizard (D:1)
  3 kobolds
  2 rats (D:1)
21 creatures vanquished.

Notes
Turn   | Place    | Note
-------+----------+-------------------------------------------
     0 | D:1      | spardeous the Felid Transmuter began the quest for the Orb.
     0 | D:1      | Reached XP level 1. HP: 9/9 MP: 4/4
    70 | D:1      | Reached skill level 3 in Dodging
   318 | D:1      | Reached XP level 2. HP: 12/12 MP: 4/6
   477 | D:1      | Reached skill level 4 in Dodging
  1290 | D:2      | Slain by an adder

Illustrated notes

Levels and vault maps discovered:
D:1:      sevenhm_arrival_forest_fort_large_4, layout_loops_cross,
          kennysheep_flooded_box, nicolae_figureground_sparkle
D:2:      layout_basic, amethyst_killhole

Skill      XL: |  1  2 |
---------------+-------+-----
Dodging        | 3 4 |  4.1
Fighting       | |  1.0
Unarmed Combat | |  3.0
Spellcasting   | |  2.0
Transmutations | |  2.7

Action                   || total
-------------------------++-------
Melee: Unarmed           ||    65
       Headbutt          ||     7
       Bite              ||     6
       Punch             ||     5
 Cast: Beastly Appendage ||    24
 Stab: Sleeping          ||     1
Armor: Skin              ||     2
Dodge: Dodged            ||    55

Table legend: (Time is in decaauts)
 A = Elapsed time spent in this place.
 B = Non-inter-level travel time spent in this place.
 C = Inter-level travel time spent in this place.
 D = Time resting spent in this place.
 E = Time spent auto-exploring this place.
 F = Levels seen in this place.
 G = Mean time per level.
                   A        B        C        D        E       F      G
               +--------+--------+--------+--------+--------+-----+--------+
         Total |   1085 |   1078 |      7 |     16 |    787 |   2 |  542.5 |
       Dungeon |   1085 |   1078 |      7 |     16 |    787 |   2 |  542.5 |
               +--------+--------+--------+--------+--------+-----+--------+

Top non-repeatable levels by time:
     D:1: 842 daAuts
     D:2: 243 daAuts
